 Dungeon Sprint DCSS version 0.23.0 (webtiles) character file.

Game seed: 2368228178899448449

357 Groucho the Covert (level 6, -3/30 HPs)
             Began as a Felid Transmuter on Feb 11, 2019.
             Slain by a two-headed ogre
             ... wielding a +0 giant spiked club
              (12 damage)
             ... in the Dungeon (Sprint IX: "|||||||||||||||||||||||||||||").
             The game lasted 00:02:45 (916 turns).

Groucho the Covert (Felid Transmuter)                Turns: 916, Time: 00:02:45

Health: -3/30      AC:  2    Str:  8    XL:     6   Next: 37%
Magic:  13/14      EV: 24    Int: 14    God:
Gold:   0          SH:  0    Dex: 17    Spells: 14/15 levels left
                                        Lives:  0   Deaths: 1

rFire    . . .     SeeInvis +     - Unarmed
rCold    . . .     Gourm    .   (shield unavailable)
rNeg     . . .     Faith    .   (armour unavailable)
rPois    .         Spirit   .   (helmet unavailable)
rElec    .         Reflect  .   (cloak unavailable)
rCorr    .         Harm     .   (gloves unavailable)
MR       .....     NoTele   +   (boots unavailable)
Stlth    +++++.....             (no amulet)
HPRegen  0.10/turn              (no ring)
MPRegen  0.14/turn              (no ring)

@: appendage, quick
A: very small, no armour, no weapons or thrown items, stealth, claws 1, fangs 3,
horns 2, see invisible, carnivore, speed 1, shaggy fur 2, slow metabolism 1,
sharp paws
a: End Transformation


You were in the Dungeon.
You were not hungry.
You had grown temporary horns.
You visited 1 branch

Inventory:

Missiles
 a - 12 arrows
Scrolls
 i - a scroll of blinking
Potions
 f - a potion of haste
 g - 2 potions of magic
Comestibles
 c - a ration


   Skills:
 + Level 5.1 Fighting
 * Level 8.5 Dodging
 * Level 8.6 Stealth
 * Level 6.9 Unarmed Combat
 + Level 5.1 Spellcasting
 * Level 7.1 Transmutations


You had 14 spell levels left.
You knew the following spells:

 Your Spells              Type           Power        Failure   Level  Hunger
a - Beastly Appendage     Tmut           ###...       1%          1    None

Your spell library contained the following spells:

 Spells                   Type           Power        Failure   Level  Hunger
 Sticks to Snakes         Tmut           ###.....     1%          2    ##.....
 Spider Form              Tmut/Pois      ##........   12%         3    ###....
 Blade Hands              Tmut           ###.......   26%         5    ######.
 Ice Form                 Ice/Tmut       ##......     36%         4    ####...


Dungeon Overview and Level Annotations

Branches:
Dungeon (1/1)

Altars:


Innate Abilities, Weirdness & Mutations

You cannot wear armour.
You are incapable of wielding weapons or throwing items.
Your paws allow you to move quietly. (Stealth)
You have sharp claws.
You have razor-sharp teeth.
You have supernaturally acute eyesight. (SInv)
You are carnivorous and can eat meat at any time.
You cover ground quickly.
You are covered in thick fur. (AC +2)
You have a slow metabolism.
Your sharp claws are effective at attacking unaware monsters.
You have a pair of horns on your head.


Message History

You have reached level 6!
Your experience leads to an increase in your attributes!
Increase (S)trength, (I)ntelligence, or (D)exterity?
You feel stronger.
Your fur grows into a thick mane.
Okay, then.
Casting: Beastly Appendage (safe; 1% risk of failure)
Confirm with . or Enter, or press ? or * to list all spells.
You grow a pair of large bovine horns.
You scratch the two-headed ogre but do no damage.
You headbutt the two-headed ogre, but do no damage.
The two-headed ogre completely misses you. x2
Unknown command.
You barely miss the two-headed ogre. The two-headed ogre closely misses you.
The two-headed ogre misses you.
You scratch the two-headed ogre but do no damage.
You scratch the two-headed ogre but do no damage.
The two-headed ogre completely misses you.
The two-headed ogre hits you with a +0 giant club!
You die...

▓.▓
▓.▓
▓+▓.▓
▓.▓.▓
▓.▓.▓
▓o▓.▓
▓o▓.▓
▓.▓.▓
▓Q▓@▓
▓'▓O▓
▓.▓Q▓
▓.oo▓
▓▓▓▓▓


You could see a tengu warrior, a two-headed ogre and 2 orcs.

Vanquished Creatures
  A yak (D)
  A basilisk (D)
  A scorpion (D)
  2 crimson imps (D)
  An iguana (D)
  A giant cockroach (D)
  2 bats (D)
  A goblin (D)
  A rat (D)
11 creatures vanquished.

Notes
Turn   | Place    | Note
-------+----------+-------------------------------------------
     0 | D        | Groucho the Felid Transmuter began the quest for the Orb.
     0 | D        | Reached XP level 1. HP: 9/9 MP: 4/4
   308 | D        | Noticed a crimson imp
   308 | D        | Noticed a crimson imp
   308 | D        | Noticed a scorpion
   308 | D        | Noticed an iguana
   308 | D        | Noticed a centaur
   320 | D        | Killed a crimson imp
   320 | D        | Reached XP level 2. HP: 7/13 MP: 5/7
   320 | D        | Reached XP level 3. HP: 9/16 MP: 5/8
   349 | D        | Killed a scorpion
   349 | D        | Reached skill level 5 in Dodging
   349 | D        | Reached XP level 4. HP: 7/21 MP: 7/10
   375 | D        | Reached skill level 5 in Stealth
   841 | D        | Reached skill level 5 in Unarmed Combat
   841 | D        | Reached skill level 5 in Transmutations
   841 | D        | Reached XP level 5. HP: 10/25 MP: 12/12
   841 | D        | Shot with an arrow by a centaur
   842 | D        | Reached XP level 4. HP: -1/22 MP: 11/11
   894 | D        | Noticed a tengu warrior
   894 | D        | Noticed a two-headed ogre
   894 | D        | Noticed a yak
   894 | D        | Noticed a basilisk
   899 | D        | Killed a basilisk
   899 | D        | Reached XP level 5. HP: 25/25 MP: 13/13
   906 | D        | Killed a yak
   906 | D        | Reached skill level 5 in Fighting
   906 | D        | Reached skill level 5 in Spellcasting
   906 | D        | Gained mutation: You are covered in thick fur. (AC +2)
                  | [Felid growth]
   906 | D        | Reached XP level 6. HP: 8/30 MP: 14/14
   916 | D        | Slain by a two-headed ogre

Skill      XL: |  1  2  3  4  5 |
---------------+----------------+-----
Dodging        | 4 5 7 8 |  8.5
Fighting       | 2 3 4 5 |  5.1
Stealth        | 2 4 7 8 |  8.6
Spellcasting   | 3 4 5 |  5.1
Transmutations | 3 4 6 7 |  7.1
Unarmed Combat | 4 6 |  6.9

Action                   |  1- 3 |  4- 6 || total
-------------------------+-------+-------++-------
Melee: Unarmed           |    59 |    34 ||    93
       Headbutt          |     7 |     3 ||    10
       Punch             |     4 |     3 ||     7
       Bite              |     3 |     2 ||     5
 Cast: Beastly Appendage |     2 |     1 ||     3
  Use: Potion            |     2 |     1 ||     3
 Stab: Sleeping          |       |     1 ||     1
Armor: Skin              |     1 |       ||     1
Dodge: Dodged            |    55 |    23 ||    78
